 Dungeon Crawl Stone Soup version 0.21.1-1-g345015f (webtiles) character file.

11557 whatPanache the Spear-Bearer (level 11, -8/102 HPs)
             Began as a Hill Orc Fighter on May 21, 2018.
             Was an Elder of Beogh.
             Killed from afar by a storm dragon (18 damage)
             ... with a bolt of lightning
             ... on level 9 of the Dungeon.
             The game lasted 00:34:14 (12955 turns).

whatPanache the Spear-Bearer (Hill Orc Fighter)    Turns: 12955, Time: 00:34:14

Health: -8/102     AC: 16    Str: 28    XL:     11   Next: 79%
Magic:  14/14      EV:  9    Int: 10    God:    Beogh [****..]
Gold:   704        SH: 12    Dex: 12    Spells: 10/10 levels left

rFire    . . .     SeeInvis +   a - +1 trident
rCold    . . .     Gourm    .   c - +0 shield
rNeg     . . .     Faith    .   B - +0 swamp dragon scales
rPois    +         Spirit   .   (no helmet)
rElec    .         Reflect  .   (no cloak)
rCorr    .         Harm     .   j - +2 pair of gloves
MR       .....                  h - +2 pair of boots
Stlth    +.........             (no amulet)
HPRegen  0.27/turn              t - ring of see invisible
MPRegen  0.14/turn              b - +3 ring of strength

@: no status effects
A: agile 1, clever 1, low mp 1, strong 1
a: Smiting, Recall Orcish Followers, Renounce Religion


You were on level 9 of the Dungeon.
You worshipped Beogh.
Beogh was greatly pleased with you.
You were not hungry.

You visited 3 branches of the dungeon, and saw 13 of its levels.

You collected 704 gold pieces.

Inventory:

Hand Weapons
 a - a +1 trident (weapon)
Armour
 c - a +0 shield (worn)
 h - a +2 pair of boots (worn)
 j - a +2 pair of gloves (worn)
 B - +0 swamp dragon scales (worn)
Jewellery
 b - a +3 ring of strength (right hand)
 g - an uncursed ring of magical power
 t - a ring of see invisible (left hand)
 u - an uncursed ring of positive energy
 z - an uncursed ring of protection from magic
 A - a cursed ring of teleportation {unknown}
 D - an uncursed ring of fire {unknown}
 E - a cursed -2 ring of slaying {unknown}
Wands
 d - a wand of random effects (23)
 n - a wand of disintegration (5)
 o - a wand of paralysis (26)
 s - a wand of iceblast (29)
 v - a wand of polymorph (15)
Scrolls
 i - 5 scrolls of identify
 l - 2 scrolls of fog
 m - 6 scrolls of remove curse
 y - 2 scrolls of vulnerability
Potions
 e - 2 potions of mutation
 q - 2 potions of heal wounds {unknown}
 r - a potion of magic
 w - a potion of ambrosia {unknown}
 G - a potion of lignification
Books
 p - a book of Battle

   Spells                             Type                      Level
   a - Infusion                       Charms                       1
   b - Shroud of Golubria             Charms/Translocation         2
   c - Song of Slaying                Charms                       2
   d - Spectral Weapon                Hexes/Charms                 3
   e - Regeneration                   Charms/Necromancy            3
 F - a book of Enchantments

   Spells                             Type                      Level
   a - Cause Fear                     Hexes                        4
   b - Yara's Violent Unravelling     Hexes/Transmutation          5
   c - Silence                        Hexes/Air                    5
   d - Deflect Missiles               Charms/Air                   6
   e - Discord                        Hexes                        8
Comestibles
 f - 18 rations


   Skills:
 + Level 11.3 Fighting
 * Level 11.7 Polearms
 + Level 8.9 Armour
 + Level 8.9 Shields
 + Level 7.2 Invocations


You had 10 spell levels left.
You didn't know any spells.

Dungeon Overview and Level Annotations

Branches:
Dungeon (11/15)            Temple (1/1) D:4            Lair (1/6) D:9
    Orc (0/2) D:10

Altars:
Ashenzari
Cheibriados
Dithmenos
Elyvilon
Fedhas
Gozag
Hepliaklqana
Kikubaaqudgha
Makhleb
Nemelex Xobeh
Okawaru
Qazlal
Ru
Sif Muna
Trog
Uskayaw
Vehumet
Wu Jian
Xom
Yredelemnul
Zin
The Shining One

Shops:
D:6 %


Innate Abilities, Weirdness & Mutations

You are agile. (Dex +2)
Your mind is acute. (Int +2)
Your magical capacity is low. (-10% MP)
Your muscles are strong. (Str +2)


Message History

The six-headed hydra bites you but does no damage.
The six-headed hydra closely misses you.
You block the six-headed hydra's attack.
The six-headed hydra closely misses you.
The six-headed hydra bites you! The six-headed hydra bites you.
Aiming: Polymorph
Press: ? - help, Shift-Dir - straight line, f/p - six-headed hydra
Aim: a six-headed hydra (chance to defeat MR: 15%)
The six-headed hydra evaporates and reforms as a storm dragon!
You block the storm dragon's attack. x2; The storm dragon tramples you.
You hold your ground!
Aiming: Polymorph
Press: ? - help, Shift-Dir - straight line, f/p - storm dragon
Aim: a storm dragon (chance to defeat MR: 1%)
The storm dragon resists with almost no effort.
The storm dragon breathes lightning at you.
The bolt of lightning hits you!
* * * LOW HITPOINT WARNING * * *
The bolt of lightning hits you!
You die...

#........[.##.### ####(.....
#..........P..PP### ####...
#.......PP..P.....## ###.##
##...?[.P.PP.P.....# #.....
##........P....P...######.....
#.....P.PP.P[oPP.P......#.....
#......P...#'##.P.P......<....
#..........#.D#P....#.........
#.....P.PPP#.@#...P.....###...
#......P..P####P.P........###.
##......P.P.P.P.P.........# #.
##......P.P...P..........# #.
#####..PP.P..P..........# #.
##P..P.P............# #.
##.................####
#.......#...###....##.
#.......#...# ##.#..#.


You could see a storm dragon.

Vanquished Creatures
  A hydra (Lair:1)
  The ghost of bande the Cleaver, a novice GrFi of Okawaru (D:8)
  An unseen horror (D:11)
  Pikel (D:4)
  A centaur zombie (D:10)
  2 spiny frogs (Lair:1)
  A centaur skeleton (D:11)
  2 trolls
  A hornet (D:11)
  2 hippogriffs
  Sigmund (D:5)
  10 yaks
  A wyvern (D:10)
  A human (D:7)
  A hungry ghost (D:7)
  Menkaure (D:4)
  Edmund (D:4)
  2 porcupines
  An orc warrior (D:7)
  A sky beast (D:11)
  2 black bears
  The ghost of dedward the Skirmisher, an amateur MiMo (D:3)
  An ice beast (D:10)
  3 phantoms
  2 slaves (D:4)
  2 ogres
  2 centaurs
  3 bullfrogs
  A water moccasin skeleton (D:5)
  3 scorpions (D:7)
  A wyvern skeleton (D:10)
  A howler monkey (D:5)
  3 crimson imps
  A quasit (D:6)
  7 hounds
  4 orc priests
  2 bullfrog skeletons
  Jessica (D:2)
  4 iguanas
  Terence (D:3)
  13 orc wizards
  2 worker ants
  A hound zombie (D:5)
  2 hound skeletons
  Robin (D:3)
  3 gnolls (D:4)
  A howler monkey skeleton (D:4)
  17 adders
  2 shadow imps (D:7)
  4 oozes
  2 adder zombies
  An adder skeleton (D:2)
  2 worms (D:3)
  A dart slug (D:3)
  5 leopard geckos
  16 orcs
  A ball python (D:2)
  7 bats
  4 giant cockroaches
  22 goblins
  11 hobgoblins
  9 jackals
  2 quokkas
  4 frilled lizards
  A jackal skeleton (D:7)
  11 kobolds
  5 rats
228 creatures vanquished.

Vanquished Creatures (collateral kills)
  A two-headed ogre (D:11)
  A cyclops (D:11)
  A spiny frog (Lair:1)
  2 hippogriffs (D:10)
  2 hogs (D:7)
  3 yaks
  A water moccasin (Lair:1)
  An ice beast (D:8)
  An orc warrior (D:10)
  A centaur (D:10)
  2 scorpions (D:10)
  A hound (D:10)
  An orc priest (D:9)
  A jelly (D:10)
  2 iguanas (D:10)
  A worker ant zombie (D:7)
  An adder (D:10)
  5 orcs (D:10)
  A quokka zombie (D:7)
29 creatures vanquished.

Vanquished Creatures (others)
  An orc knight (Lair:1)
  2 orc warriors
  2 orc priests
  2 orc wizards
  16 orcs
  2 fungi (Lair:1)
25 creatures vanquished.

Grand Total: 282 creatures vanquished

Notes
Turn   | Place    | Note
-------+----------+-------------------------------------------
     0 | D:1      | whatPanache the Hill Orc Fighter began the quest for the Orb.
     0 | D:1      | Reached XP level 1. HP: 19/19 MP: 1/1
    46 | D:1      | Reached XP level 2. HP: 22/27 MP: 2/2
   437 | D:1      | Reached XP level 3. HP: 33/33 MP: 3/3
   764 | D:2      | Found a radiant altar of Vehumet.
  1026 | D:2      | Reached XP level 4. HP: 37/40 MP: 4/4
  1322 | D:2      | Noticed Jessica
  1341 | D:2      | Killed Jessica
  1570 | D:3      | Found a sparkling altar of Nemelex Xobeh.
  1572 | D:3      | Found a stormy altar of Qazlal.
  1574 | D:3      | Found a burning altar of Makhleb.
  1583 | D:3      | Found a faded altar of an unknown god.
  1592 | D:3      | Noticed Terence
  1594 | D:3      | Killed Terence
  1594 | D:3      | Reached XP level 5. HP: 47/47 MP: 5/5
  1602 | D:3      | Became a worshipper of Beogh the Brigand
  1607 | D:3      | Noticed dedward's ghost (amateur MiMo)
  1647 | D:3      | Killed dedward's ghost
  1647 | D:3      | Reached XP level 6. HP: 7/55 MP: 6/6
  1964 | D:3      | Noticed Robin
  2000 | D:3      | Killed Robin
  2241 | D:3      | Found a shattered altar of Ashenzari.
  2560 | D:3      | Reached * piety under Beogh
  2569 | D:3      | Reached skill level 5 in Fighting
  3020 | D:4      | Reached skill level 5 in Polearms
  3039 | D:4      | Noticed Edmund
  3043 | D:4      | Killed Edmund
  3043 | D:4      | Reached XP level 7. HP: 54/61 MP: 7/7
  3133 | D:4      | Found a sacrificial altar of Ru.
  3200 | D:4      | Found a staircase to the Ecumenical Temple.
  3232 | Temple   | Entered the Ecumenical Temple
  3468 | D:4      | Reached skill level 5 in Shields
  3525 | D:4      | Reached skill level 5 in Armour
  3788 | D:4      | Reached XP level 8. HP: 61/71 MP: 8/8
  3802 | D:4      | Reached ** piety under Beogh
  4098 | D:4      | Noticed Pikel
  4104 | D:4      | Killed Pikel
  4217 | D:4      | Noticed Menkaure
  4225 | D:4      | Killed Menkaure
  4386 | D:5      | Entered Level 5 of the Dungeon
  4422 | D:5      | Noticed Sigmund
  4423 | D:5      | Killed Sigmund
  4480 | D:5      | Reached XP level 9. HP: 81/81 MP: 9/9
  5324 | D:6      | Found a sparkling altar of Nemelex Xobeh.
  5559 | D:6      | Reached skill level 1 in Invocations
  5739 | D:6      | Found Musemp's Food Emporium.
  5973 | D:7      | Reached *** piety under Beogh
  6845 | D:7      | Reached XP level 10. HP: 71/92 MP: 12/12
  7157 | D:7      | Reached skill level 10 in Fighting
  7795 | D:8      | Noticed bande's ghost (novice GrFi)
  9252 | D:8      | Gained mutation: Your mind is acute. (Int +2) [potion of mutation]
  9252 | D:8      | Gained mutation: Your magical capacity is low. (-10% MP) [potion of mutation]
  9252 | D:8      | Gained mutation: You are agile. (Dex +2) [potion of mutation]
  9252 | D:8      | Gained mutation: Your muscles are strong. (Str +2) [potion of mutation]
  9268 | D:8      | Killed bande's ghost
  9789 | D:8      | Found an iron altar of Okawaru.
 10390 | D:9      | Reached skill level 10 in Polearms
 10407 | D:9      | Found a radiant altar of Vehumet.
 10452 | D:9      | Reached skill level 5 in Invocations
 10488 | D:9      | Found a staircase to the Lair.
 10768 | D:10     | Entered Level 10 of the Dungeon
 10942 | D:10     | Gained Okrist as an ally
 10947 | D:10     | Your ally Okrist died
 11071 | D:10     | Reached XP level 11. HP: 101/101 MP: 13/13
 11243 | D:10     | Found a staircase to the Orcish Mines.
 11796 | D:11     | Noticed a cyclops
 11810 | D:11     | Killed a cyclops
 11810 | D:11     | Gained Boruk as an ally
 11830 | D:11     | Noticed a two-headed ogre
 11840 | D:11     | Killed a two-headed ogre
 11932 | D:11     | Noticed an unseen horror
 11945 | D:11     | Killed an unseen horror
 12013 | Lair:1   | Entered Level 1 of the Lair of Beasts
 12040 | Lair:1   | Reached **** piety under Beogh
 12109 | Lair:1   | Noticed a five-headed hydra
 12117 | Lair:1   | Your ally Boruk died
 12449 | Lair:1   | Noticed a seven-headed hydra
 12469 | Lair:1   | Killed a seven-headed hydra
 12519 | Lair:1   | HP: 6/153 [yak (8)]
 12525 | Lair:1   | HP: 5/153 [yak (2)]
 12919 | Lair:1   | Noticed a six-headed hydra
 12954 | D:9      | Noticed a storm dragon
 12954 | D:9      | a six-headed hydra changed into a storm dragon
 12955 | D:9      | Killed from afar by a storm dragon

Skill      XL: |  1  2  3  4  5  6  7  8  9 10 11 |
---------------+----------------------------------+-----
Fighting       | 4 5 6 8 9 10 11 | 11.3
Polearms       | 3 4 5 6 7 9 10 11 | 11.7
Armour         | 4 5 6 8 |  8.9
Shields        | 4 5 6 7 8 |  8.9
Invocations    | 3 5 7 |  7.2

Action                   |  1- 3 |  4- 6 |  7- 9 | 10-12 || total
-------------------------+-------+-------+-------+-------++-------
Melee: Trident           |    90 |   244 |   528 |   401 ||  1263
Invok: Convert to Beogh  |       |     1 |       |       ||     1
       Smiting           |       |       |       |     5 ||     5
Evoke: Wand              |       |     5 |     6 |    16 ||    27
  Use: Potion            |       |     2 |     3 |    11 ||    16
       Scroll            |       |     6 |     5 |     4 ||    15
 Stab: Distracted        |       |       |       |     3 ||     3
  Eat: Chunk             |       |     4 |    15 |     7 ||    26
       Ration            |       |     1 |       |     4 ||     5
Armor: Scale mail        |    19 |    84 |   163 |    32 ||   298
       Swamp dragon scal |       |       |       |    86 ||    86
       Skin              |       |       |       |     7 ||     7
Dodge: Dodged            |    16 |    52 |   125 |    80 ||   273
Block: Shield            |    41 |    94 |   200 |   192 ||   527
